AoeStats
← HoraryCase23899

Northern Isles

510973258Analyzed
1v1 RM · 3h ago on Oct 3, 2026· 19m 35s· 2 players
Game mode
Random Map
Map size
Tiny (2 player)
Population
200
Speed
Normal
Resources
Standard
Victory
Conquest
Starting age
Dark Age
Ending age
Imperial Age
RankedLock teamsTeams togetherTeam positionsShared explorationLock speedFull tech treeHidden civsTurbo modeCheats
Victory
Defeat
🇯🇵 Vikings · Japan
874
+15
🇹🇷 Ethiopians · Türkiye
843
-15
HoraryCase23899
7:42 Loom
9:33 Feudal Age
9:48 Man-at-Arms
14:29 Arson
16:39 Forging
ybozue
12:53 Feudal Age
14:12 Man-at-Arms
17:44 Loom
19:24 Fishing Lines
Connection lost

Rejoining the realm…

Still unreachable

The connection could not be restored.

Session expired

The server has moved on; the page needs a fresh start.